 Dungeon Crawl Stone Soup version 0.28-a0-779-g3d1f99b579 (webtiles) character file.

Game seed: 16293745033961185345

602 flyleaff the Skirmisher (level 7, 55/55 HPs)
             Began as a Demonspawn Monk on Nov 2, 2021.
             Quit the game on level 4 of the Dungeon.
             The game lasted 00:09:15 (4285 turns).

flyleaff the Skirmisher (Demonspawn Monk)           Turns: 4285, Time: 00:09:16

Health: 55/55      AC:  4    Str: 15    XL:     7   Next: 18%
Magic:  7/7        EV: 26    Int: 13    God:
Gold:   203        SH:  4    Dex: 16    Spells: 6/6 levels left

rFire   . . .      SeeInvis .   a - +3 spear
rCold   . . .      Faith    .   (no shield)
rNeg    . . .      Spirit   .   b - +0 robe
rPois   .          Reflect  .   d - +1 helmet
rElec   .          Harm     .   (no cloak)
rCorr   .          Rampage  .   (no gloves)
Will    .....                   (no boots)
Stlth   ++........              (no amulet)
HPRegen 0.18/turn               c - ring of the Hare {EV+8}
MPRegen 0.10/turn               n - +4 ring of evasion

@: no status effects
A: hooves 2, spiny 2, condensation shield, clever 1, strong 1
a: no special abilities


You were on level 4 of the Dungeon.
You visited 1 branch of the dungeon, and saw 4 of its levels.
You also visited: Sewer.

You collected 203 gold pieces.

Inventory:

Hand Weapons
 a - a +3 spear (weapon)
Missiles
 i - 4 boomerangs (quivered)
 p - 2 boomerangs of dispersal
Armour
 b - a +0 robe (worn)
 d - a +1 helmet (worn)
Jewellery
 c - the ring of the Hare (left hand) {EV+8}
   (You found it on level 4 of the Dungeon)

   [ring of evasion]

   EV:        It affects your evasion (+8).
 m - a ring of protection from cold
 n - a +4 ring of evasion (right hand)
Wands
 f - a wand of iceblast (9)
Scrolls
 k - a scroll of amnesia
 l - a scroll of fear
Potions
 e - 2 potions of flight {unknown}
 g - a potion of curing
 h - a potion of attraction {unknown}
 j - a potion of degeneration {unknown}
 o - a potion of lignification


   Skills:
 + Level 4.5 Fighting
 + Level 4.1 Polearms
 * Level 4.2 Armour
 + Level 4.1 Dodging
 - Level 1.7 Stealth


You had 6 spell levels left.
You didn't know any spells.
Your spell library was empty.

Dungeon Overview and Level Annotations

Branches:
Dungeon (4/15)              Sewer (visited)
 Temple: D:4-7

Altars:
Ashenzari


Innate Abilities, Weirdness & Mutations

You have hoof-like feet.
You are mostly covered in sharp spines.
A meltable shield of frost defends you. (SH +4)
Your mind is acute. (Int +2)
Your muscles are strong. (Str +2)


Message History

o - a potion of lignification A quokka comes into view.
Found 12 gold pieces.
You reach to attack!
The helpless quokka fails to defend itself.
You hit the quokka.
The quokka is almost dead.
You hit the quokka.
You kill the quokka!
No target in view!
You now have 203 gold pieces (gained 12).
h - a bubbling brown potion No target in view!
An endoplasm comes into view.
An endoplasm is nearby!
An endoplasm is nearby!
An endoplasm is nearby!
You reach to attack!
The helpless endoplasm fails to defend itself.
You hit the endoplasm.
The endoplasm is almost dead.
You hit the endoplasm.
You kill the endoplasm!
No target in view!
No target in view!
Found a stone staircase leading down.
There is a stone staircase leading down here.
Found a stone staircase leading up.
Found a scale mail.
You see here a +0 scale mail.
Done exploring.
Done exploring.
Done exploring.
Done exploring.
Done exploring.
No target in view!
Search for what [Enter for "."]? .
Unknown command.
Unknown command.
Are you sure you want to abandon this character and quit the game? (Confirm with "yes".)

#.#............##.#.##.##### #.
#.#...#.###.##.##.#.##.########.
#.#...#.# #.)...)...##..........
##.##.##.#
####.##.#.##..########
.#.......# #.##.#.##..#
.####.#### #..........# ......#
#....#.##### .############
#....#.# ............###.@....#
.##########[....###### #######
#####.# ......# #.# #####.# #.#
#####.#### #.# ##.......# #.#
.........# #.#
#).......############


There were no monsters in sight!

Vanquished Creatures
  3 bullfrogs
  A scorpion (D:4)
  2 hounds (D:4)
  A centaur skeleton (D:4)
  An iguana (D:4)
  Ijyb (D:4)
  A hound skeleton (D:4)
  4 adders
  A shadow imp (D:3)
  3 dart slugs (D:3)
  2 orcs
  17 ball pythons
  7 bats
  14 endoplasms
  13 giant cockroaches
  6 goblins
  12 hobgoblins
  10 kobolds
  17 quokkas
  17 frilled lizards
  10 rats
143 creatures vanquished.

Notes
Turn   | Place    | Note
-------+----------+-------------------------------------------
     0 | D:1      | flyleaff the Demonspawn Monk began the quest for the Orb.
     0 | D:1      | Reached XP level 1. HP: 18/18 MP: 1/1
   134 | D:1      | Gained mutation: You are partially covered in sharp spines.
                  | [demonic ancestry]
   134 | D:1      | Reached XP level 2. HP: 20/24 MP: 2/2
   431 | D:1      | Reached skill level 1 in Armour
   985 | D:2      | Gained mutation: You have large cloven feet. [demonic
                  | ancestry]
   985 | D:2      | Reached XP level 3. HP: 26/29 MP: 3/3
  1451 | D:2      | You fall into a shaft and drop 1 floor!
  1502 | D:3      | Found a broken altar of Ashenzari.
  1529 | D:3      | Reached XP level 4. HP: 8/35 MP: 4/4
  1809 | D:3      | Found a faded altar of an unknown god.
  2567 | D:2      | Gained mutation: Your mind is acute. (Int +2) [potion of
                  | mutation]
  2567 | D:2      | Gained mutation: Your muscles are strong. (Str +2) [potion
                  | of mutation]
  3180 | D:4      | Noticed a bullfrog
  3198 | D:4      | Noticed a scorpion
  3219 | D:4      | Gained mutation: You are mostly covered in sharp spines.
                  | [demonic ancestry]
  3219 | D:4      | Reached XP level 5. HP: 35/42 MP: 5/5
  3242 | D:4      | Found the ring of the Hare {EV+8}
  3248 | D:4      | HP: 2/42 [bullfrog (5)]
  3251 | D:4      | Gained mutation: You have hoof-like feet. [demonic
                  | ancestry]
  3251 | D:4      | Reached XP level 6. HP: 33/48 MP: 6/6
  3373 | D:4      | Noticed Ijyb
  3392 | D:4      | Killed Ijyb
  3620 | D:4      | Found a glowing drain.
  3640 | Sewer    | Entered a sewer
  3889 | Sewer    | Gained mutation: A meltable shield of frost defends you.
                  | (SH +4) [demonic ancestry]
  3889 | Sewer    | Reached XP level 7. HP: 41/55 MP: 7/7
  4285 | D:4      | Quit the game

Illustrated notes

Levels and vault maps discovered:
D:1:      scummos_arrival_hexagon, layout_loops_cross, minmay_misc_feat_alley,
          minmay_pentomino_o4
D:2:      wad_crossroads, layout_loops_corners
D:3:      layout_basic, cheibrodos_ashenzari_chains,
          hellmonk_ecumenical_altar_run_dry, chequers_serial_rivers_small_3,
          kennysheep_generic_room_12
D:4:      minmay_clustersquares, layout_loops_cross, portal_sewer_entry_f,
          minmay_distorted, uniq_ijyb

Skill      XL: |  1  2  3  4  5  6 |
---------------+-------------------+-----
Armour         | 1 2 3 4 |  4.2
Dodging        | 3 4 |  4.1
Polearms       | 3 4 |  4.1
Fighting       | 4 |  4.5
Stealth        | |  1.7

Action                   |  1- 3 |  4- 6 |  7- 9 || total
-------------------------+-------+-------+-------++-------
Melee: Spear             |   105 |   205 |    11 ||   321
       Kick              |     6 |    44 |     2 ||    52
  Use: Scroll            |       |    12 |     1 ||    13
       Potion            |       |     5 |       ||     5
 Stab: Sleeping          |     6 |     8 |     4 ||    18
Armor: Robe              |    16 |    12 |       ||    28
Dodge: Dodged            |    31 |    95 |     1 ||   127
Block: Other             |       |       |     1 ||     1

Table legend: (Time is in decaauts)
 A = Elapsed time spent in this place.
 B = Non-inter-level travel time spent in this place.
 C = Inter-level travel time spent in this place.
 D = Time resting spent in this place.
 E = Time spent auto-exploring this place.
 F = Levels seen in this place.
 G = Mean time per level.
                   A        B        C        D        E       F      G
               +--------+--------+--------+--------+--------+-----+--------+
         Total |   4338 |   4178 |    160 |      0 |   3307 |   5 |  867.6 |
       Dungeon |   3936 |   3776 |    160 |      0 |   3112 |   4 |  984.0 |
         Sewer |    402 |    402 |      0 |      0 |    195 |   1 |  402.0 |
               +--------+--------+--------+--------+--------+-----+--------+

Top non-repeatable levels by time:
     D:2: 1144 daAuts
     D:3: 1021 daAuts
     D:1: 954 daAuts
     D:4: 815 daAuts
   Sewer: 402 daAuts
